 Dungeon Crawl Stone Soup version 0.24.0-123-gd5b16e6ec5 (webtiles) character file.

Game seed: 17223757489332224870, levelgen mode: deterministic

208 PentaManta the Vexing (level 5, 0/35 HPs)
             Began as a Vampire Enchanter on Dec 30, 2019.
             Was an Initiate of Dithmenos.
             Killed from afar by a white imp (9 damage)
             ... with a puff of frost
             ... summoned by Natasha
             ... on level 2 of the Dungeon.
             The game lasted 00:05:31 (1309 turns).

PentaManta the Vexing (Vampire Enchanter)           Turns: 1309, Time: 00:05:33

Health: 0/35       AC:  4    Str:  7    XL:     5   Next: 55%
Magic:  10/11      EV: 13    Int: 17    God:    Dithmenos [......]
Gold:   92         SH:  0    Dex: 16    Spells: 6/12 levels left

rFire    . . .     SeeInvis +   n - +0 short sword (elec)
rCold    . . .     Gourm    .   (no shield)
rNeg     . . .     Faith    .   b - +0 robe
rPois    .         Spirit   .   o - +0 helmet
rElec    .         Reflect  .   d - +0 cloak
rCorr    .         Harm     .   (no gloves)
MR       .....                  (no boots)
Stlth    +++.......             (no amulet)
HPRegen  0.31/turn              (no ring)
MPRegen  0.12/turn              (no ring)

@: regenerating quickly
A: no food, fangs 3, see invisible, unbreathing
a: Exsanguinate, Renounce Religion


You were on level 2 of the Dungeon.
You worshipped Dithmenos.
Dithmenos was noncommittal.
You were alive.

You visited 1 branch of the dungeon, and saw 2 of its levels.

You collected 92 gold pieces.

Inventory:

Hand Weapons
 a - a +1 dagger
 g - a +3 whip
 n - a +0 short sword of electrocution (weapon)
Armour
 b - a +0 robe (worn)
 d - a +0 cloak (worn)
 o - a +0 helmet (worn)
Jewellery
 h - an uncursed ring of poison resistance {unknown}
Wands
 r - a wand of digging (5)
 s - a wand of acid (8)
Scrolls
 c - a scroll of identify
 f - a scroll of remove curse {unknown}
 i - a scroll of amnesia {unknown}
 k - 2 scrolls of enchant weapon {unknown}
 p - a scroll of magic mapping {unknown}
Potions
 j - a potion of brilliance {unknown}
 l - a potion of curing {unknown}
 m - 2 potions of agility {unknown}
 q - a potion of lignification {unknown}


   Skills:
 - Level 1.1 Short Blades
 - Level 2.1 Dodging
 - Level 4.4 Stealth
 * Level 4.0 Spellcasting
 * Level 7.2 Hexes


You had 6 spell levels left.
You knew the following spells:

 Your Spells              Type           Power        Failure   Level  Hunger
a - Corona                Hex            ####...      1%          1    N/A
b - Ensorcelled Hibernat  Hex/Ice        ###...       5%          2    N/A
c - Tukima's Dance        Hex            ####....     2%          3    N/A

Your spell library contained the following spells:

 Spells                   Type           Power        Failure   Level  Hunger
 Confuse                  Hex            ####....     2%          3    N/A
 Dazzling Spray           Conj/Hex       ###...       11%         3    N/A

Dungeon Overview and Level Annotations

Branches:
Dungeon (2/15)

Altars:
Dithmenos
Makhleb
Nemelex Xobeh
Vehumet

Annotations:
D:2 Natasha


Innate Abilities, Weirdness & Mutations

You do not eat.
Your natural rate of healing is unusually fast.
You have razor-sharp teeth.
You have supernaturally acute eyesight. (SInv)
You can survive without breathing.


Message History

Natasha claws you.
Natasha casts a spell.
You barely miss Natasha.
Natasha is severely wounded.
The crimson imp barely misses you.
Natasha casts a spell.
You closely miss Natasha.
Natasha is severely wounded.
The crimson imp hits you. Natasha claws you but does no damage.
You closely miss Natasha.
Natasha is severely wounded.
The crimson imp blinks!
Natasha mumbles some strange words.
You hit Natasha.
Natasha is almost dead.
Natasha claws you.
* * * LOW HITPOINT WARNING * * *
The white imp gestures at you. The puff of frost hits you!
You die...

###### #....# #..#.## #..... ###
########..# ###### #.)
..#5@h5.5.###### .....# #.#
#.#.###....!.... .....# #.#
#.#..)#...###### .....#
#.####'#.#.#......... .....#
#..........#...#.######## .....#
#.......##)#...........%#
.....###..........)<..#.#..###.#
...........^....>.[#..#.#....#.#
.#######..........#...#.#.##.#.#


You could see Natasha, a crimson imp and 2 white imps.

Vanquished Creatures
  Sigmund (D:2)
  Robin (D:2)
  3 dart slugs
  2 giant cockroaches (D:2)
  9 hobgoblins
  4 jackals (D:1)
  12 kobolds
  5 bats
  A frilled lizard (D:1)
  6 goblins (D:2)
  4 rats
48 creatures vanquished.

Notes
Turn   | Place    | Note
-------+----------+-------------------------------------------
     0 | D:1      | PentaManta the Vampire Enchanter began the quest for the
                  | Orb.
     0 | D:1      | Reached XP level 1. HP: 13/13 MP: 3/3
   228 | D:1      | Reached XP level 2. HP: 15/19 MP: 5/5
   238 | D:1      | Learned a level 2 spell: Ensorcelled Hibernation
   277 | D:1      | Reached skill level 5 in Hexes
   437 | D:1      | Reached XP level 3. HP: 24/24 MP: 7/7
   544 | D:2      | Found a burning altar of Makhleb.
   544 | D:2      | Found a radiant altar of Vehumet.
   583 | D:2      | Noticed Robin
   690 | D:2      | Killed Robin
   786 | D:2      | Noticed Sigmund
   793 | D:2      | Learned a level 3 spell: Tukima's Dance
   800 | D:2      | Killed Sigmund
   800 | D:2      | Reached skill level 7 in Hexes
   800 | D:2      | Reached XP level 4. HP: 15/30 MP: 1/10
   800 | D:2      | Reached XP level 5. HP: 18/35 MP: 1/11
  1148 | D:2      | Found a sparkling altar of Nemelex Xobeh.
  1185 | D:2      | Found a shadowy altar of Dithmenos.
  1199 | D:2      | Became a worshipper of Dithmenos the Shadowed
  1279 | D:2      | Noticed Natasha
  1309 | D:2      | Killed from afar by a white imp

Levels and vault maps discovered:
D:1:      wander_arrival_desolate, layout_basic, minmay_octomino_c4
D:2:      layout_basic, grunt_temple_overflow_open, grunt_dithmenos_smoke,
          nemelex_altar_shiori, first_ration, uniq_natasha, uniq_sigmund,
          uniq_robin

Skill      XL: |  1  2  3 |
---------------+----------+-----
Hexes          | 5 7 |  7.2
Spellcasting   | 4 |  4.0
Short Blades   | |  1.1
Dodging        | |  2.1
Stealth        | |  4.4

Action                   |  1- 3 |  4- 6 || total
-------------------------+-------+-------++-------
Melee: Dagger            |    28 |    11 ||    39
       Whip              |    59 |       ||    59
       Bite              |    10 |     4 ||    14
       Short sword       |     6 |    46 ||    52
 Cast: Ensorcelled Hiber |     7 |     8 ||    15
       Corona            |     1 |     1 ||     2
       Tukima's Dance    |     1 |       ||     1
  Use: Scroll            |       |     1 ||     1
       Potion            |       |     1 ||     1
 Stab: Sleeping          |     7 |     5 ||    12
Armor: Robe              |    23 |    20 ||    43
Dodge: Dodged            |    60 |    48 ||   108
